 Dungeon Crawl Stone Soup version 0.22-a0-305-gd21a89c (webtiles) character file.

465536 Amnesiac the Unseen (level 23, -7/119 HPs)
             Began as a Spriggan Enchanter on Mar 29, 2018.
             Was the Champion of Dithmenos.
             Killed from afar by an orb of fire (19 damage)
             ... with a fireball
             ... on level 5 of the Realm of Zot on Mar 30, 2018.
             The game lasted 03:25:24 (72934 turns).

Amnesiac the Unseen (Spriggan Enchanter)           Turns: 72934, Time: 03:25:25

Health: -7/119     AC: 15    Str:  4    XL:     23   Next: 15%
Magic:  0/42       EV: 34    Int: 26    God:    Dithmenos [******]
Gold:   3536       SH: 11    Dex: 18    Spells: 4/61 levels left

rFire    + + .     SeeInvis +   a - +0 dagger (elec)
rCold    + + .     Gourm    .   F - +3 buckler {AC+3}
rNeg     . . .     Faith    .   i - +2 robe {Archmagi}
rPois    .         Spirit   +   t - +2 hat
rElec    +         Reflect  .   s - +2 cloak {rC+}
rCorr    .         Harm     .   (gloves unavailable)
MR       ++++.                  (boots unavailable)
Stlth    +++.......             Q - amulet of guardian spirit
HPRegen  0.29/turn              q - +4 ring of protection
MPRegen  0.28/turn              D - ring "Uvvoy" {*Slow rElec rF+ rC+ Int+3}

@: about to teleport, contaminated, glowing, studying Long Blades, very quick
A: very small, unfitting armour, horns 1, see invisible, clumsy 1, deformed
body, fire resistance 1, herbivore, speed 3, frail 1, low mp 1, slow metabolism
2
}: 3/15 runes: serpentine, barnacled, abyssal
a: Shadow Step, Shadow Form, Renounce Religion


You were on level 5 of the Realm of Zot.
You worshipped Dithmenos.
Dithmenos was exalted by your worship.
You were not hungry.

You visited 9 branches of the dungeon, and saw 45 of its levels.
You visited the Abyss 1 time.
You visited 1 bazaar.
You also visited: Labyrinth, Ice Cave and Volcano.

You collected 4934 gold pieces.
You spent 1398 gold pieces at shops.

Inventory:

Hand Weapons
 a - a +0 dagger of electrocution (weapon)
Missiles
 m - 92 poisoned needles
 p - 6 throwing nets (quivered)
 E - 6 needles of sleeping
 N - 12 curare-tipped needles
Armour
 i - a +2 robe of the Archmagi (worn)
 o - a +2 robe of resistance
 s - a +2 cloak of cold resistance (worn)
 t - a +2 hat (worn)
 u - a scarf of resistance
 F - a +3 buckler of protection (worn)
Jewellery
 f - an uncursed ring of resist corrosion
 q - a +4 ring of protection (left hand)
 D - the ring "Uvvoy" (right hand) {*Slow rElec rF+ rC+ Int+3}
   (You took it off a deep elf high priest on level 3 of the Elven Halls)

   [ring of protection from cold]

   It affects your intelligence (+3).
   It protects you from fire.
   It protects you from cold.
   It insulates you from electricity.
   It may slow you when you take damage.
 Q - an amulet of guardian spirit (around neck)
Wands
 l - a wand of scattershot (6)
 w - a wand of digging (51)
 C - a wand of iceblast (23)
 L - a wand of acid (10)
Scrolls
 e - 17 scrolls of remove curse {!r}
 g - 8 scrolls of teleportation {!r}
 h - 4 scrolls of amnesia {!r}
 x - 18 scrolls of identify {!r}
 y - 2 scrolls of fog {!r}
 B - a scroll of brand weapon {!r}
 H - 7 scrolls of fear {!r}
 I - 4 scrolls of silence {!r}
 K - 3 scrolls of magic mapping {!r}
 M - 4 scrolls of enchant weapon {!r}
 P - 5 scrolls of vulnerability {!r}
 R - a scroll of summoning {!r}
 T - 4 scrolls of blinking {!r}
 X - a scroll of enchant armour {!r}
Potions
 b - a potion of magic {!q}
 c - 7 potions of haste {!q}
 j - 10 potions of flight {!q}
 k - 4 potions of mutation {!q}
 n - 6 potions of might {!q}
 r - 10 potions of curing {!q}
 v - 3 potions of resistance {!q}
 z - 2 potions of cancellation {!q}
 O - a potion of berserk rage {!q}
 S - 2 potions of brilliance {!q}
 U - a potion of agility {!q}
Books
 A - a manual of Long Blades
Miscellaneous
 G - a lightning rod (4/4)
 J - 3 boxes of beasts
 W - a phial of floods
Comestibles
 d - 30 rations


   Skills:
 - Level 18.0 Fighting
 - Level 10.0 Short Blades
 - Level 18.0 Dodging
 - Level 20.0 Stealth
 - Level 7.2 Shields
 + Level 19.5 Spellcasting
 - Level 6.0 Conjurations
 - Level 9.0 Hexes
 - Level 13.5 Necromancy
 - Level 9.2 Translocations
 - Level 10.0 Transmutations
 - Level 9.4 Earth Magic
 - Level 12.0 Invocations
 - Level 9.0 Evocations


You had 4 spell levels left.
You knew the following spells:

 Your Spells              Type           Power        Failure   Level  Hunger
a - Dispel Undead         Necr           #######.     1%          5    None
b - Passwall              Tmut/Erth      #######...   1%          2    None
c - Invisibility          Hex            #######.     6%          6    ##.....
d - Dazzling Spray        Conj/Hex       ######       1%          3    None
e - Confuse               Hex            #######.     1%          3    None
f - Passage of Golubria   Tloc           N/A          1%          4    None
g - Summon Mana Viper     Hex/Summ       ######..     8%          5    None
h - Sublimation of Blood  Necr           #######...   0%          2    None
i - Ozocubu's Armour      Chrm/Ice       #####...     5%          3    None
j - Iron Shot             Conj/Erth      #######...   11%         6    ##.....
q - Lee's Rapid Deconstr  Erth           #######...   1%          5    None
v - Blink                 Tloc           N/A          1%          2    None
w - Irradiate             Conj/Tmut      #######...   1%          5    None
z - Darkness              Hex            #######...   6%          6    ##.....


Dungeon Overview and Level Annotations

Branches:
Dungeon (15/15)            Temple (1/1) D:4            Lair (6/6) D:9
 Shoals (4/4) Lair:3        Snake (4/4) Lair:3        Slime (0/5) Lair:5
    Orc (2/2) D:11            Elf (3/3) Orc:2        Vaults (0/5) D:13
 Depths (5/5) D:15            Zot (5/5) Depths:5

Altars:
Ashenzari
Cheibriados
Dithmenos
Elyvilon
Fedhas
Gozag
Hepliaklqana
Kikubaaqudgha
Makhleb
Nemelex Xobeh
Okawaru
Qazlal
Ru
Sif Muna
Trog
Uskayaw
Vehumet
Wu Jian
Xom
Yredelemnul
Zin
The Shining One
Beogh
Jiyva

Shops:
D:7 [   D:15 **   Orc:2 *([=}   Elf:2 (   Depths:4 *[!%

Portals:
Hell: Depths:1 Depths:2 Depths:3 Depths:4
Abyss: Depths:2 Depths:4
Pandemonium: Depths:3
Ziggurat: Depths:1

Annotations:
Zot:2 1 transporter


Innate Abilities, Weirdness & Mutations

You are very small and have problems with some larger weapons.
You are too small for most types of armour.
You have supernaturally acute eyesight. (SInv)
You are a herbivore.
You cover ground extremely quickly.
You need to consume almost no food.
You have a pair of small horns on your head.
You are clumsy. (Dex -2)
Armour fits poorly on your strangely shaped body.
Your flesh is heat resistant. (rF+)
You are frail. (-10% HP)
Your magical capacity is low. (-10% MP)


Message History

The orb of fire is blasted with magical radiation!
You destroy the orb of fire!
Dithmenos accepts your kill.
Dithmenos appreciates your extinguishing a source of fire.
Your life force feels restored.
You are contaminated with residual magic.
Okay, then.
Casting: Irradiate (safe; 1% risk of failure)
Confirm with . or Enter, or press ? or * to list all spells.
Okay, then.
Casting: Irradiate (safe; 1% risk of failure)
Confirm with . or Enter, or press ? or * to list all spells.
Okay, then.
Okay, then.
An orb of fire comes into view.
The Orb Guardian hits you!!
* * * LOW HITPOINT WARNING * * *
You hit the Orb Guardian but do no damage.
You headbutt the Orb Guardian.
The Orb Guardian is lightly wounded.
The Orb Guardian completely misses you.
The orb of fire glows red.
The fireball explodes!
The fireball engulfs you! You resist.
* * * LOW HITPOINT WARNING * * *
You hear a shout!
The orb of fire glows red.
The bolt of fire hits you! You resist.
* * * LOW HITPOINT WARNING * * *
Really read
y - 3 scrolls of fog {!r}?
As you read the scroll of fog {!r}, it crumbles to dust.
The scroll dissolves into smoke.
You block the Orb Guardian's attack.
Really read
g - 9 scrolls of teleportation {!r}?
As you read the scroll of teleportation {!r}, it crumbles to dust.
You feel strangely unstable.
You feel the Orb delaying your translocation!
You block the Orb Guardian's attack.
Found 4 tomahawks.
A Killer Klown comes into view.
You swing at nothing.
Okay, then.
Casting: Irradiate (safe; 1% risk of failure)
Confirm with . or Enter, or press ? or * to list all spells.
Okay, then.
Unknown command.
A Killer Klown comes into view.
The Killer Klown blinks! x2
Found a throwing net.
Casting: Irradiate (safe; 1% risk of failure)
Confirm with . or Enter, or press ? or * to list all spells.
You feel a surge of power!
You blink.
A Killer Klown comes into view.
The Killer Klown shouts!
An orb of fire comes into view.
The orb of fire glows bright magenta.
The fireball explodes!
The fireball engulfs you! You resist.
* * * LOW HITPOINT WARNING * * *
The fireball engulfs the orb of fire.
The orb of fire completely resists.
Found a potion of degeneration.
An Orb Guardian comes into view.
Really quaff
r - 11 potions of curing {!q}?
You feel better.
The orb of fire glows yellow.
The fireball explodes!
The fireball engulfs you! You resist.
You die...

##§#▓§§§§.....,,,,,,,,,,**
#*##▓▓▓▓......,,,,,,,,,**
##.#▓▓▓▓▓▓▓▓▓▓▓##.,,,,**
#§##X*§.....(....X,,,,,**
##§§§§##§.......p.,,,,,,**
#######§§§###...........,,,,,,,**
.......§§###.....p......,,,,,,,,*
........## #.....*......,,,,,,,,*
........# #....@.......,,,,,,,,*
.....*.## #....(.......,,,,,,,,*
..[....# #......*.....,,,,,,,,*
.......## #........!.p.,,,,,,,,*
........# ##...........,,,,,,,**
........## ##..........,,,,,,**
.........# ##.........,,,,,**
#.########▓ ##########****** #.#
#.....#


You could see 2 orbs of fire, 3 Killer Klowns and an Orb Guardian.

Vanquished Creatures
  An orb of fire (Zot:5)
  6 ancient liches
  The ghost of Nib the Slayer, a veteran DsGl of Kikubaaqudgha (Depths:3)
  Xtahua (Depths:4)
  5 golden dragons
  Nikola (Depths:1)
  2 bone dragons
  3 electric golems (Zot:5)
  A tentacled monstrosity (Depths:3)
  Rupert (D:13)
  3 liches
  3 deep elf blademasters (Elf:3)
  7 Orb Guardians (Zot:5)
  3 titans (Depths:4)
  3 deep elf master archers (Elf:3)
  A quicksilver dragon (Zot:5)
  Polyphemus (Shoals:2)
  A kraken (Shoals:3)
  2 tentacled starspawn (Abyss:3)
  4 death cobs (Zot:2)
  4 shadow dragons
  Kirke (D:15)
  Agnes (D:14)
  Donald (Shoals:2)
  2 draconian monks
  8 nagarajas
  Ilsuiw (Shoals:4)
  5 storm dragons
  2 fire giants
  2 draconian knights
  A ghost moth (Zot:2)
  12 deep elf sorcerers
  7 frost giants
  A balrug (Abyss:3)
  3 orc warlords
  Louise (Depths:4)
  A draconian stormcaller (Depths:5)
  5 deep elf elementalists (Elf:3)
  9 very ugly things
  A juggernaut skeleton (D:15)
  A draconian annihilator (Zot:2)
  11 stone giants
  A spriggan defender (Depths:4)
  3 green draconians
  2 vampire knights
  4 black draconians
  2 starcursed masses (Abyss:3)
  5 deep elf demonologists
  3 white draconians
  5 deep elf annihilators (Elf:3)
  Azrael (D:15)
  Nessos (Orc:2)
  The ghost of tidbits the Covert, a journeyman GnAs of Cheibriados (Shoals:3)
  2 spark wasps (Depths:1)
  A minotaur (Lab)
  4 yellow draconians
  5 red draconians
  A purple draconian (Zot:4)
  6 merfolk javelineers
  Snorg (Lair:4)
  12 ettins
  3 deep elf death magi (Elf:3)
  5 merfolk impalers
  8 fire dragons
  3 deep elf high priests
  A yaktaur captain (Depths:3)
  7 great orbs of eyes
  5 hydras
  3 vault guards (Depths:4)
  5 rakshasas
  5 spriggan air magi
  17 naga warriors
  3 ice dragons
  2 catoblepae
  9 anacondas
  3 merfolk avatars
  15 two-headed ogres
  7 centaur warriors
  20 dancing weapons
  2 ogre magi
  2 death knights
  16 deep troll shamans
  3 merfolk aquamancers (Shoals:4)
  7 death yaks
  6 tengu warriors
  18 deep troll earth magi
  4 spriggan berserkers
  A satyr (Shoals:4)
  3 soul eaters (Zot:2)
  A shock serpent (shapeshifter) (D:15)
  Urug (D:13)
  4 vampire magi
  An orc high priest (Orc:2)
  7 shock serpents
  9 naga sharpshooters
  7 deep elf knights
  6 iron trolls
  Nergalle (Orc:1)
  10 hell knights
  2 salamander mystics
  8 skeletal warriors
  2 death drakes (Zot:2)
  6 wizards
  A flayed ghost (Depths:3)
  2 unseen horrors (D:13)
  22 deep trolls
  10 large abominations
  18 sea snakes
  An infernal demonspawn (Depths:3)
  2 glowing orange brains
  2 naga ritualists (Snake:4)
  A phantasmal warrior (D:12)
  4 deep elf archers
  A kraken simulacrum (Shoals:4)
  A lindwurm (Lair:6)
  4 orc knights
  2 necromancers
  7 mana vipers
  17 fauns
  14 ugly things
  5 orc sorcerers
  35 deep elf magi
  6 harpies
  17 manticores
  9 cyclopes
  2 centaur zombies (D:12)
  A fire giant zombie (D:15)
  10 salamanders
  7 merfolk sirens
  4 toenail golems (Volcano)
  10 moths of wrath
  11 naga magi
  19 black mambas
  A water nymph (shapeshifter) (Depths:5)
  7 guardian serpents
  An ice statue (IceCv)
  5 water nymphs
  5 spectral swamp worms (Depths:2)
  11 elephants
  10 gargoyles
  8 spiny frogs
  2 rime drakes
  A freezing wraith (D:12)
  19 yaktaurs
  2 yaktaur zombies (D:15)
  7 komodo dragons
  An efreet (D:14)
  2 ice devils (Depths:3)
  2 red devils (Depths:3)
  7 trolls
  A tengu conjurer (D:15)
  A black draconian skeleton (Zot:2)
  16 polar bears
  31 merfolk
  2 queen bees (shapeshifter)
  9 hornets
  A hornet (shapeshifter) (Depths:4)
  7 wind drakes
  Grinder (D:4)
  3 raiju (Abyss:3)
  A jumping spider (shapeshifter) (Depths:2)
  24 blink frogs
  11 dream sheep
  10 slime creatures
  13 hippogriffs
  6 snapping turtles
  A meliai zombie (D:10)
  An air elemental (Elf:3)
  A spriggan (shapeshifter) (Depths:3)
  11 water elementals
  A wraith (D:11)
  2 wyverns
  7 spriggans
  49 yaks
  19 humans
  A vampire (Depths:4)
  A ynoxinul (Abyss:3)
  A shadow (D:14)
  6 hogs (D:15)
  5 vampire mosquitoes
  The ghost of Arum the Skirmisher, an amateur DsGl (D:4)
  3 basilisks
  7 fire elementals
  3 chaos spawn
  2 hungry ghosts
  A neqoxec (Abyss:3)
  Menkaure (D:7)
  Edmund (D:6)
  9 wargs
  A soldier ant (D:15)
  59 nagas
  5 small abominations
  3 porcupines
  4 hell hounds (D:15)
  9 water moccasins
  36 orc warriors
  3 ice beasts
  20 ogres
  7 necrophages
  2 black bears (Lair:6)
  An eye of draining (D:13)
  2 phantoms (D:7)
  8 boggarts
  A black bear (shapeshifter) (Depths:4)
  25 wolves
  24 centaurs
  10 crocodiles
  Blork the orc (D:4)
  2 big kobolds
  2 earth elementals
  18 bullfrogs
  2 spectral wargs (Depths:4)
  5 scorpions
  2 wyvern skeletons
  A water moccasin skeleton (D:9)
  13 wights
  8 crimson imps
  3 hounds
  2 quasits
  An iron imp (D:9)
  25 orc priests
  A bullfrog skeleton (D:4)
  6 jellies
  A gnoll shaman (D:4)
  3 centaur skeletons
  24 orc wizards
  Natasha (thrice) (D:4)
  3 iguanas
  7 worker ants
  A mummy (D:5)
  9 gnolls
  2 howler monkey zombies
  10 adders
  4 shadow imps
  15 white imps
  An adder zombie (D:6)
  2 worms
  3 leopard geckos
  95 orcs
  3 ball pythons
  7 giant cockroaches
  8 goblins
  9 hobgoblins
  23 kobolds
  3 quokkas
  5 bats
  8 frilled lizards
  2 hobgoblin zombies (D:5)
  A jackal skeleton (D:6)
  2 kobold zombies (D:5)
  A leopard gecko zombie (D:7)
  A quokka skeleton (D:7)
  12 rats
  3 crawling corpses (Elf:3)
  A fungus (Lair:6)
  2 plants
1631 creatures vanquished.

Vanquished Creatures (collateral kills)
  A draconian knight (Depths:5)
  A cacodemon (Depths:3)
  A yaktaur captain (Depths:5)
  A two-headed ogre (D:11)
  An obsidian statue (Depths:3)
  A shining eye (shapeshifter) (Depths:3)
  A soldier ant (shapeshifter) (Depths:3)
  An orc warrior (D:11)
  An orc priest (D:4)
  A shadow imp (Depths:3)
  An ufetubus (Depths:3)
  An orc (D:4)
12 creatures vanquished.

Vanquished Creatures (others)
  A hell knight (Depths:3)
  A moth of wrath (Zot:5)
  5 dancing weapons
  A naga (Snake:4)
  2 boggarts
  A bullfrog (D:15)
  5 orcs
  9 fungi (Lair:6)
  9 plants
  8 tentacles
  A withered plant (D:15)
43 creatures vanquished.

Grand Total: 1686 creatures vanquished

Notes
Turn   | Place    | Note
-------+----------+-------------------------------------------
     0 | D:1      | Amnesiac the Spriggan Enchanter began the quest for the Orb.
     0 | D:1      | Reached XP level 1. HP: 9/9 MP: 5/5
   213 | D:1      | Reached XP level 2. HP: 13/13 MP: 5/7
   908 | D:2      | Reached XP level 3. HP: 16/16 MP: 7/9
   915 | D:2      | Learned a level 3 spell: Confuse
  1014 | D:2      | Reached XP level 4. HP: 14/21 MP: 11/11
  1202 | D:2      | Found a faded altar of an unknown god.
  1867 | D:3      | Reached XP level 5. HP: 19/24 MP: 1/13
  1915 | D:3      | Learned a level 3 spell: Tukima's Dance
  1918 | D:3      | Learned a level 2 spell: Ensorcelled Hibernation
  1922 | D:3      | Learned a level 3 spell: Dazzling Spray
  1976 | D:4      | Reached skill level 5 in Hexes
  1982 | D:4      | Reached skill level 5 in Spellcasting
  3004 | D:4      | Reached XP level 6. HP: 28/28 MP: 2/15
  3111 | D:5      | Entered Level 5 of the Dungeon
  3459 | D:5      | Found a shattered altar of Ashenzari.
  3494 | D:4      | Noticed Blork the orc
  3512 | D:4      | Killed Blork the orc
  3512 | D:4      | Reached XP level 7. HP: 13/32 MP: 8/17
  3704 | D:4      | Found a staircase to the Ecumenical Temple.
  3723 | D:4      | Noticed Arum's ghost (amateur DsGl)
  3730 | Temple   | Entered the Ecumenical Temple
  3900 | D:4      | Got a transparent zirconium amulet
  3901 | D:4      | Identified the amulet of Tewiolus {Gourm rElec rPois Str+10 Int-3} (You took it off an orc priest on level 4 of the Dungeon)
  3911 | D:4      | Killed Arum's ghost
  4078 | D:4      | Noticed Grinder
  4086 | D:4      | Killed Grinder
  4086 | D:4      | Reached XP level 8. HP: 36/36 MP: 13/20
  4168 | D:4      | Noticed Natasha
  4189 | D:4      | Killed Natasha
  4203 | D:4      | Found an ornate altar of the Wu Jian Council.
  4404 | D:4      | Noticed Natasha
  4407 | D:4      | Killed Natasha
  4679 | D:4      | Noticed Natasha
  4688 | D:4      | Killed Natasha
  5176 | D:6      | Found a shimmering altar of Xom.
  5295 | D:6      | Found a blossoming altar of Fedhas.
  5349 | D:6      | Reached skill level 5 in Short Blades
  5349 | D:6      | Reached skill level 5 in Stealth
  5556 | D:6      | Noticed Edmund
  5568 | D:6      | Killed Edmund
  5568 | D:6      | Reached skill level 6 in Stealth
  5940 | D:7      | Noticed Menkaure
  6240 | D:7      | Killed Menkaure
  6240 | D:7      | Reached XP level 9. HP: 39/39 MP: 16/22
  6306 | D:7      | Reached skill level 7 in Stealth
  6821 | D:7      | Reached skill level 1 in Fighting
  6876 | D:7      | Found Vamior's Armour Shoppe.
  6884 | D:7      | Bought a +0 buckler for 54 gold pieces
  7178 | D:7      | Found a glowing golden altar of the Shining One.
  7371 | D:8      | Reached skill level 1 in Shields
  7457 | D:8      | Noticed a two-headed ogre
  8127 | D:8      | Killed a two-headed ogre
  8159 | D:8      | Found a shimmering altar of Xom.
  8163 | D:8      | Learned a level 2 spell: Blink
  8167 | D:8      | Learned a level 3 spell: Conjure Flame
  8171 | D:8      | Learned a level 3 spell: Mephitic Cloud
  8174 | D:8      | Learned a level 2 spell: Call Imp
  8308 | D:9      | Found a snail-covered altar of Cheibriados.
  8596 | D:9      | Found a staircase to the Lair.
  8701 | D:9      | Found a radiant altar of Vehumet.
  8704 | D:9      | Found a shadowy altar of Dithmenos.
  8706 | D:9      | Found a sparkling altar of Nemelex Xobeh.
  8889 | D:9      | Reached XP level 10. HP: 46/46 MP: 16/23
  9045 | D:10     | Entered Level 10 of the Dungeon
  9115 | D:10     | Reached skill level 5 in Shields
  9368 | D:10     | Found a white marble altar of Elyvilon.
  9368 | D:10     | Found a glowing golden altar of the Shining One.
  9378 | D:10     | Noticed a deep elf knight
  9769 | D:11     | Noticed a two-headed ogre
  9793 | D:11     | Killed a two-headed ogre
  9842 | D:11     | Found a staircase to the Orcish Mines.
 10278 | D:11     | Found a glowing silver altar of Zin.
 10278 | D:11     | Noticed an ogre mage
 10278 | D:11     | Noticed a two-headed ogre
 10278 | D:11     | Noticed a two-headed ogre
 10279 | D:11     | Noticed a two-headed ogre
 10373 | D:9      | Became a worshipper of Dithmenos the Shadowed
 10462 | D:10     | Noticed a two-headed ogre
 10474 | D:10     | Killed a two-headed ogre
 10474 | D:10     | Reached skill level 5 in Fighting
 10608 | D:10     | Reached XP level 11. HP: 47/56 MP: 20/24
 10716 | D:10     | Killed a deep elf knight
 10972 | D:11     | Reached * piety under Dithmenos
 11089 | D:11     | Noticed a white ugly thing
 11111 | D:11     | Killed a white ugly thing
 11111 | D:11     | Reached skill level 5 in Dodging
 11637 | D:11     | Killed a two-headed ogre
 11657 | D:11     | Killed an ogre mage
 11657 | D:11     | Reached skill level 8 in Stealth
 11676 | D:11     | Found a shimmering altar of Xom.
 11676 | D:11     | Found a snail-covered altar of Cheibriados.
 11682 | D:11     | Found a shimmering altar of Xom.
 11682 | D:11     | Found an ornate altar of the Wu Jian Council.
 11682 | D:11     | Found an iron altar of Okawaru.
 11687 | D:11     | Killed a two-headed ogre
 11695 | D:11     | Killed a two-headed ogre
 11752 | D:12     | Identified the Catalogue of Cankerous Shape Shifting
 11769 | D:12     | Reached skill level 10 in Dodging
 11775 | D:12     | Noticed a two-headed ogre
 11856 | D:11     | Killed a two-headed ogre
 12021 | Orc:1    | Entered Level 1 of the Orcish Mines
 12024 | Orc:1    | Noticed Nergalle
 12032 | Orc:1    | Reached ** piety under Dithmenos
 12046 | Orc:1    | Killed Nergalle
 12137 | D:11     | Reached XP level 12. HP: 38/64 MP: 1/25
 12342 | Orc:1    | Noticed an orc warlord
 12682 | D:11     | Killed an orc warlord
 12767 | Orc:1    | Reached *** piety under Dithmenos
 13347 | Orc:2    | Entered Level 2 of the Orcish Mines
 13352 | Orc:2    | Noticed Nessos
 13371 | Orc:2    | Killed Nessos
 13424 | Orc:2    | Found a staircase to the Elven Halls.
 13426 | Orc:2    | Found Tenenioh's Gadget Shop.
 13585 | Orc:2    | Noticed an orc high priest
 13661 | Orc:2    | Reached **** piety under Dithmenos
 13669 | Orc:2    | Noticed an orc warlord
 13689 | Orc:2    | Noticed an ettin
 13768 | Orc:2    | Found a frozen archway.
 13797 | IceCv    | Entered an ice cave
 14110 | IceCv    | Reached skill level 10 in Fighting
 15135 | IceCv    | Reached skill level 9 in Stealth
 15366 | IceCv    | Reached XP level 13. HP: 57/72 MP: 11/26
 15435 | IceCv    | Noticed a frost giant
 15468 | IceCv    | Killed a frost giant
 15996 | Orc:2    | Found a roughly hewn altar of Beogh.
 16000 | Orc:2    | Reached skill level 10 in Short Blades
 16000 | Orc:2    | Reached skill level 10 in Stealth
 16153 | Orc:2    | Found Ocyxor's General Store.
 16165 | Orc:2    | Reached ***** piety under Dithmenos
 16174 | Orc:2    | Found Kyus's Jewellery Emporium.
 16179 | Orc:2    | Found Suwk's Antique Weapon Emporium.
 16330 | Orc:2    | Killed an ettin
 16473 | Orc:2    | Killed an orc warlord
 16524 | Orc:2    | Reached skill level 15 in Dodging
 16785 | Orc:2    | Found Lazesi's Antique Armour Emporium.
 17841 | D:13     | Found a labyrinth entrance.
 17944 | Lab      | Entered a labyrinth
 18116 | Lab      | Noticed a minotaur
 18135 | Lab      | Killed a minotaur
 18154 | D:13     | Learned a level 4 spell: Passage of Golubria
 18567 | D:13     | Found a gate to the Vaults.
 18567 | D:13     | Noticed Urug
 18567 | D:13     | Noticed Rupert
 18766 | D:13     | Reached XP level 14. HP: 72/77 MP: 23/27
 18804 | D:13     | Got an encrusted quarterstaff
 18985 | D:13     | Reached skill level 11 in Stealth
 19550 | D:13     | Killed Rupert
 19550 | D:13     | Reached skill level 12 in Stealth
 19791 | D:13     | Killed Urug
 20060 | D:14     | Noticed Agnes
 20110 | D:14     | Killed Agnes
 20267 | D:14     | Reached ****** piety under Dithmenos
 20462 | D:14     | Reached skill level 13 in Stealth
 20878 | D:15     | Entered Level 15 of the Dungeon
 20977 | D:15     | Found a staircase to the Depths.
 21181 | D:15     | Found Gozag's Platinum Reserve.
 21182 | D:15     | Noticed Azrael
 21189 | D:15     | Killed Azrael
 21192 | D:15     | Reached skill level 14 in Stealth
 21535 | D:15     | Found a basalt altar of Yredelemnul.
 21535 | D:15     | Found Cexastrae's Wicked Wares.
 21581 | D:15     | Got a faintly glowing arbalest
 21778 | D:15     | Found an opulent altar of Gozag.
 22149 | D:15     | Reached skill level 1 in Invocations
 22403 | D:15     | Noticed Kirke
 22959 | D:15     | Killed Kirke
 22959 | D:15     | Reached XP level 15. HP: 83/84 MP: 1/28
 23274 | Lair:1   | Entered Level 1 of the Lair of Beasts
 23383 | Lair:1   | Reached skill level 5 in Invocations
 23654 | Lair:1   | Reached skill level 1 in Translocations
 24208 | Lair:2   | Reached skill level 5 in Translocations
 25152 | Lair:3   | Found a staircase to the Shoals.
 25264 | Lair:3   | Found a staircase to the Snake Pit.
 26124 | Lair:4   | Noticed Snorg
 26134 | Lair:4   | Killed Snorg
 26836 | Lair:4   | Got a crude tin ring
 26838 | Lair:4   | Identified the ring of Fakanigi {-Tele rPois rF+ MP+9 Dex+4} (You found it on level 4 of the Lair of Beasts)
 27111 | Lair:5   | Found a staircase to the Slime Pits.
 27111 | Lair:5   | Found a viscous altar of Jiyva.
 27755 | Lair:6   | Entered Level 6 of the Lair of Beasts
 28011 | Lair:6   | Reached skill level 10 in Invocations
 28275 | Lair:6   | Found a dark tunnel.
 28284 | Lair:6   | Identified a scroll of acquirement {!r}
 28286 | Volcano  | Entered a volcano
 29273 | Lair:6   | Got a smoking jade ring
 29289 | Lair:6   | Identified the ring of Fyato {*Drain rPois rN+ MP+9} (You found it on level 6 of the Lair of Beasts)
 29572 | Elf:1    | Entered Level 1 of the Elven Halls
 29580 | Elf:1    | Noticed a Brimstone Fiend
 29582 | Elf:1    | Reached XP level 16. HP: 86/88 MP: 29/29
 30087 | Elf:1    | Noticed an Executioner
 30420 | Elf:1    | Identified Tyng's Collected Works on Creation
 30639 | Elf:1    | Got a brightly glowing sapphire amulet
 30780 | Elf:2    | Found Plog's Weapon Boutique.
 31178 | Elf:2    | Found a huge runed gate.
 31178 | Elf:2    | Found a huge runed gate.
 31178 | Elf:2    | Found a huge runed gate.
 31178 | Elf:2    | Found a huge runed gate.
 31181 | Elf:2    | Found a huge runed gate.
 31235 | Elf:3    | Identified a paperback manual
 31235 | Elf:3    | Entered Level 3 of the Elven Halls
 31446 | Elf:3    | Reached skill level 15 in Stealth
 32303 | Elf:3    | Cast into level 2 of the Abyss (a deep elf sorcerer)
 32303 | Abyss:2  | Found a corrupted altar of Lugonu.
 32399 | Abyss:3  | Identified the amulet of Pewol {*Corrode rN+ Regen+ Dex+2} (You found it on level 1 of the Elven Halls)
 32441 | Abyss:3  | Noticed a Hell Sentinel
 32554 | Abyss:3  | Reached skill level 16 in Stealth
 32659 | Abyss:3  | Noticed a tentacled starspawn
 32659 | Abyss:3  | Noticed a tentacled starspawn
 32662 | Abyss:3  | Killed a tentacled starspawn
 32665 | Abyss:3  | Got an abyssal rune of Zot
 32672 | Abyss:3  | Killed a tentacled starspawn
 32676 | Elf:3    | Escaped the Abyss
 33006 | Elf:3    | Reached XP level 17. HP: 74/97 MP: 6/30
 33233 | Elf:3    | Noticed a deep elf master archer
 33472 | Elf:3    | Killed a deep elf master archer
 33472 | Elf:3    | Reached skill level 17 in Stealth
 33727 | Elf:3    | Noticed a deep elf blademaster
 33734 | Elf:3    | Noticed a deep elf blademaster
 33735 | Elf:3    | Found the +8 storm bow {elec}
 33735 | Elf:3    | Killed a deep elf blademaster
 33737 | Elf:3    | Killed a deep elf blademaster
 33739 | Elf:3    | Noticed a deep elf master archer
 33739 | Elf:3    | Noticed a deep elf blademaster
 33749 | Elf:3    | Noticed a deep elf master archer
 33753 | Elf:3    | Killed a deep elf master archer
 33873 | Elf:3    | Killed a deep elf master archer
 33903 | Elf:3    | Got a scintillating wooden ring
 33909 | Elf:3    | Got a scorched amber ring
 33910 | Elf:3    | Identified the ring "Ycliyxuvuti" {rPois rF- rN+ Int+8} (You found it on level 3 of the Elven Halls)
 33913 | Elf:3    | Identified the ring of Wileumm {rC+ Str+5} (You found it on level 3 of the Elven Halls)
 33922 | Elf:3    | Learned a level 5 spell: Summon Mana Viper
 33925 | Elf:3    | Learned a level 2 spell: Sublimation of Blood
 33929 | Elf:3    | Learned a level 3 spell: Ozocubu's Armour
 33958 | Elf:3    | Got a brightly glowing steel ring
 33959 | Elf:3    | Identified the ring "Uvvoy" {*Slow rElec rF+ rC+ Int+3} (You took it off a deep elf high priest on level 3 of the Elven Halls)
 34026 | Elf:3    | Killed a deep elf blademaster
 34616 | Shoals:1 | Entered Level 1 of the Shoals
 35410 | Shoals:1 | Reached skill level 1 in Evocations
 35690 | Shoals:2 | Noticed Polyphemus
 35692 | Shoals:2 | Reached skill level 15 in Fighting
 35694 | Shoals:2 | Killed Polyphemus
 35694 | Shoals:2 | Reached skill level 18 in Stealth
 35798 | Shoals:2 | Found Ataiv's Book Boutique.
 35819 | Shoals:2 | Noticed Donald
 36088 | Shoals:2 | HP: 2/99 [sea snake (16)]
 36459 | Shoals:2 | Killed Donald
 36783 | Shoals:3 | Noticed tidbits's ghost (journeyman GnAs)
 37099 | Shoals:3 | Killed tidbits's ghost
 37214 | Shoals:3 | Reached skill level 5 in Evocations
 37720 | Shoals:3 | Noticed a kraken
 38140 | Shoals:3 | Killed a kraken
 38491 | Shoals:4 | Entered Level 4 of the Shoals
 38628 | Shoals:4 | Reached XP level 18. HP: 102/105 MP: 22/31
 38796 | Shoals:4 | Noticed Ilsuiw
 38804 | Shoals:4 | Killed Ilsuiw
 38976 | Shoals:4 | Reached skill level 19 in Stealth
 39580 | Shoals:4 | Got a barnacled rune of Zot
 43584 | Snake:1  | Entered Level 1 of the Snake Pit
 45014 | Snake:2  | Found a snail-covered altar of Cheibriados.
 45231 | Snake:2  | Reached skill level 20 in Stealth
 46341 | Snake:4  | Entered Level 4 of the Snake Pit
 46497 | Snake:4  | Reached XP level 19. HP: 112/112 MP: 26/32
 49305 | Snake:4  | Got a steaming war axe
 50258 | Snake:4  | Reached skill level 1 in Necromancy
 50760 | Snake:4  | Reached skill level 5 in Necromancy
 51534 | Snake:4  | Got a serpentine rune of Zot
 52327 | Depths:1 | Entered Level 1 of the Depths
 53113 | Depths:1 | Found a gateway to a ziggurat.
 53124 | Depths:1 | Learned a level 5 spell: Dispel Undead
 53143 | Depths:1 | Noticed an ancient lich
 53155 | Depths:1 | Killed an ancient lich
 53157 | Depths:1 | Reached skill level 10 in Necromancy
 53234 | Depths:1 | Noticed Nikola
 53238 | Depths:1 | Killed Nikola
 53404 | Depths:1 | Found a gateway to Hell.
 54593 | Depths:2 | Found a one-way gate to the infinite horrors of the Abyss.
 55389 | Depths:2 | Reached XP level 20. HP: 119/119 MP: 27/33
 56328 | Depths:1 | You fall through a shaft!
 57485 | Depths:2 | Reached skill level 10 in Spellcasting
 57935 | Depths:2 | Learned a level 5 spell: Irradiate
 58325 | Depths:2 | Reached skill level 1 in Transmutations
 58765 | Depths:3 | Reached skill level 1 in Conjurations
 59413 | Depths:3 | Found a one-way gate leading to the halls of Pandemonium.
 59809 | Depths:4 | Noticed Louise
 59932 | Depths:3 | Noticed Nib's ghost (veteran DsGl)
 60020 | Depths:3 | Killed Nib's ghost
 60036 | Depths:3 | Reached skill level 5 in Transmutations
 60702 | Depths:3 | Found a gateway to a bazaar.
 60761 | Bazaar   | Entered a bazaar
 60761 | Bazaar   | Found Usasyry's Antique Weapon Emporium.
 60761 | Bazaar   | Found Voublenee's General Store.
 60761 | Bazaar   | Found Muojaeg's Weapon Emporium.
 60763 | Bazaar   | Found Fim Ifea's Weapon Shoppe.
 60774 | Bazaar   | Bought a scroll of acquirement for 728 gold pieces
 60774 | Bazaar   | Bought 3 scrolls of enchant armour for 315 gold pieces
 60774 | Bazaar   | Bought a scroll of amnesia for 49 gold pieces
 60774 | Bazaar   | Bought a scroll of teleportation for 42 gold pieces
 60774 | Bazaar   | Bought 2 scrolls of blinking for 210 gold pieces
 62312 | Depths:3 | Reached XP level 21. HP: 68/123 MP: 8/37
 62742 | Depths:3 | Reached skill level 5 in Conjurations
 62780 | Depths:3 | Got a twisted dagger
 62782 | Depths:3 | Got a faintly glowing double sword
 62783 | Depths:3 | Identified the +6 dagger of the Pariah {freeze, rPois} (You found it on level 3 of the Depths)
 62791 | Depths:3 | Lost strength.
 62791 | Depths:3 | Identified the +11 double sword "Ocytyuw" {slice, rPois rC+ Str-5 Dex+4} (You found it on level 3 of the Depths)
 62942 | Depths:4 | Noticed Xtahua
 63446 | Depths:5 | Entered Level 5 of the Depths
 63733 | Depths:5 | Noticed a golden dragon
 63804 | Depths:5 | Found a deep blue altar of Sif Muna.
 63864 | Depths:5 | Reached skill level 10 in Transmutations
 64530 | Depths:4 | Killed Louise
 65116 | Depths:4 | Killed Xtahua
 65447 | Depths:4 | Learned a level 6 spell: Iron Shot
 65509 | Depths:4 | Reached skill level 1 in Earth Magic
 65576 | Depths:4 | Found a roughly hewn altar of Beogh.
 66051 | Depths:4 | Reached skill level 5 in Earth Magic
 66053 | Depths:4 | Found an ancient bone altar of Kikubaaqudgha.
 66162 | Depths:4 | Found Suof's Slaves and Accessories.
 66531 | Depths:4 | Found The Legendary Exuluw's Legendary Smithy.
 66569 | Depths:4 | Found Jack's Jerk-a-riffic Jerky.
 66590 | Depths:4 | Found Egroserph's Miraculous Elixirs.
 66782 | Depths:4 | Gained mutation: Armour fits poorly on your strangely shaped body. [potion of mutation]
 66782 | Depths:4 | Gained mutation: Your flesh is heat resistant. (rF+) [potion of mutation]
 66782 | Depths:4 | Gained mutation: Your spells are a little harder to cast, but a little more powerful. [potion of mutation]
 67401 | Depths:5 | Noticed a golden dragon
 67407 | Depths:5 | Killed a golden dragon
 67516 | Depths:5 | Found a gate to the Realm of Zot.
 67517 | Depths:5 | Noticed a golden dragon
 67806 | Depths:5 | Killed a golden dragon
 67809 | Depths:5 | Reached XP level 22. HP: 128/128 MP: 25/40
 68167 | Zot:1    | Entered Level 1 of the Realm of Zot
 68278 | Zot:2    | Noticed a golden dragon
 68283 | Zot:2    | Killed a golden dragon
 68287 | Zot:2    | Learned a level 2 spell: Passwall
 68454 | Zot:2    | Noticed an ancient lich
 68467 | Zot:2    | Killed an ancient lich
 68476 | Zot:2    | Learned a level 6 spell: Invisibility
 68557 | Zot:2    | Found a transporter.
 68679 | Zot:2    | Learned a level 5 spell: Lee's Rapid Deconstruction
 68683 | Zot:2    | Noticed a golden dragon
 68718 | Zot:2    | Identified the amulet "Neideti" {Faith rPois rC- MR+ Int+2}
 68722 | Zot:2    | Noticed an ancient lich
 68732 | Zot:2    | Identified the ring "Hohiraci" {+Fly rC+++ Int+2 Slay+2 SInv}
 69101 | Zot:2    | Reached skill level 15 in Spellcasting
 69426 | Zot:3    | Noticed a golden dragon
 69429 | Zot:3    | Killed a golden dragon
 69506 | Zot:5    | Entered Level 5 of the Realm of Zot
 69584 | Zot:5    | Noticed a golden dragon
 69764 | Zot:5    | Noticed an ancient lich
 70052 | Zot:5    | Killed an ancient lich
 70064 | Zot:5    | Learned a level 6 spell: Darkness
 70126 | Zot:5    | Gained mutation: You have a pair of small horns on your head. [mutagenic glow]
 70308 | Zot:5    | Killed a golden dragon
 70773 | Zot:5    | Noticed an orb of fire
 70811 | Zot:5    | Noticed an orb of fire
 70953 | Zot:5    | Noticed an orb of fire
 70953 | Zot:5    | Gained mutation: You are frail. (-10% HP) [an orb of fire]
 70963 | Zot:5    | Lost mutation: Your spells are a little harder to cast, but a little more powerful. [an orb of fire]
 70970 | Zot:5    | Noticed an ancient lich
 70974 | Zot:5    | Killed an ancient lich
 70992 | Zot:5    | Gained mutation: You are clumsy. (Dex -2) [an orb of fire]
 71033 | Zot:5    | Noticed an orb of fire
 71156 | Zot:5    | Learned a level 3 spell: Ozocubu's Armour
 71415 | Zot:5    | Noticed an ancient lich
 71418 | Zot:5    | Killed an ancient lich
 71418 | Zot:5    | Reached XP level 23. HP: 25/119 MP: 1/46
 72176 | Zot:5    | Noticed an ancient lich
 72182 | Zot:5    | Killed an ancient lich
 72462 | Zot:5    | Gained mutation: Your magical capacity is low. (-10% MP) [an orb of fire]
 72909 | Zot:5    | Killed an orb of fire
 72915 | Zot:5    | Noticed an orb of fire
 72931 | Zot:5    | Noticed a Killer Klown
 72932 | Zot:5    | Noticed a Killer Klown
 72933 | Zot:5    | Noticed a Killer Klown
 72933 | Zot:5    | Noticed an orb of fire
 72933 | Zot:5    | HP: 4/119 [orb of fire/fireball (11)]
 72934 | Zot:5    | Killed from afar by an orb of fire

Vault maps used:
D:1:      minmay_arrival_four_houses, skrybe_limestone_x
D:2:      chequers_ecumenical_altar_simple
D:4:      kennysheep_little_box, minmay_temple_entry_large_hall, first_ration,
          minmay_statues_item, grunt_decor_one_mirror, bh_chokoban,
          uniq_grinder, uniq_natasha, uniq_blork_the_orc
D:5:      evilmike_ruin_ashenzari, minmay_mini_ossuary
D:6:      overflow_temple_1_default, lemuel_round_altar, uniq_edmund
D:7:      tso_oasis_becter, serial_shops, shop, grunt_ogre_cave, uniq_menkaure
D:8:      basic_altar
D:9:      minitemple, slow_altar_1, dpeg_oklobed_lair
D:10:     jmf_multi_god_temple
D:11:     erik_orc_3, doesnt_xom_only_xom
D:12:     serial_undead, serial_undead_e, serial_undead_a, serial_undead_c,
          serial_undead_d, serial_undead_a, serial_undead_a
D:13:     david_vaults_3, lab_entry_generic
D:14:     minivault_11, minmay_fountain_box, uniq_agnes
D:15:     gammafunk_depths_entry_grave, nicolae_gozag_zags_fifth_avenue,
          nicolae_evil_shop, uniq_kirke, uniq_azrael
Temple:   cyrus_circular_temple
Lair:1:   grunt_megastairs_4
Lair:2:   lemuel_fruit_fields, lemuel_fruit_tree
Lair:3:   minmay_shoals_entry_beasts, dummy_snake_entry, serial_bayou_crossing
Lair:4:   uniq_snorg
Lair:5:   slime_altar_1
Lair:6:   grunt_lair_end_beastmaster, nicolae_volcano_entry_hallway
Shoals:2: serial_shops, shop, uniq_polyphemus, uniq_donald
Shoals:4: shoals_end_grunt_ice, shoals_ilsuiw_ice
Snake:1:  grunt_megastairs_3
Snake:2:  basic_altar, spider_trap
Snake:4:  grunt_snake_rune_pools
Orc:1:    uniq_nergalle
Orc:2:    grunt_orc_cross, serial_shops, shop, portal_ice_cave_entry_imps,
          uniq_nessos
Elf:1:    minmay_elf_arrival_summoners, minmay_elf_demonology
Elf:2:    serial_shops, shop
Elf:3:    minmay_elf_hall_statues, small_chamber_with_monster
Depths:1: enter_ziggurat_d, hell_entry, minmay_misc_feat_pillars,
          minmay_crystal_water, grunt_ministairs_10, kennysheep_generic_room_8,
          serial_bayou_shore_a, serial_bayou_shore_b, uniq_nikola
Depths:2: kennysheep_cluttered_fort, pf_hell_entry_tar_river,
          minmay_room_of_horrors, infiniplex_staircase_9_rooms,
          serial_bayou_shore_b, firewood_loft
Depths:3: minmay_split_circle, serial_shops, statue_bzr, minmay_misc_feat_room,
          grunt_pan_entry_spiral, hangedman_coc_ice_floe, st_stairs_4
Depths:4: grated_community_mu, minmay_misc_feat_iff, grunt_hell_entry_dis_old,
          nicolae_abyss_entry_one_way_or_another, minmay_staircase_bubble,
          uniq_xtahua
Depths:5: grunt_zot_entry_bicorn, lemuel_crystal_altar, pf_hell_entry_great_geh,
          hangedman_decor_diamond_cutter, nrook_uturn, columned_hall_lemuel,
          st_stairs_14
Zot:1:    nicolae_lava_and_water
Zot:2:    gammafunk_dig_for_victory, hangedman_snap_crack_crunch
Zot:3:    grunt_megastairs_1, basic_stair_grate_trap
Zot:4:    kennysheep_six_static_rooms
Zot:5:    hangedman_zot_decor_tridents, st_stairs_5, basic_stair_grate_trap
Abyss:3:  hangedman_abyss_monster_moat, small_statue_intersection
Lab:      labyrinth_spiral, nicolae_lab_t_cross, nicolae_lab_blocks,
          nicolae_lab_starburst, nicolae_lab_hexagon, nicolae_lab_flowing_pool
Bazaar:   bazaar_general_marketplace
IceCv:    ice_cave_small_giant
Volcano:  volcano_bunker

Skill      XL: |  1  2  3  4  5  6  7  8  9 10 11 12 13 14 15 16 17 18 19 20 21 22 23 |
---------------+----------------------------------------------------------------------+-----
Spellcasting   | 3 4 5 6 7 8 11 13 18 19 | 19.5
Hexes          | 4 5 6 7 8 9 |  9.0
Short Blades   | 2 3 4 6 8 9 10 | 10.0
Stealth        | 6 7 8 9 10 14 16 18 20 | 20.0
Fighting       | 2 5 7 10 12 14 15 17 18 | 18.0
Shields        | 4 7 |  7.2
Dodging        | 10 13 18 | 18.0
Invocations    | 4 11 12 | 12.0
Translocations | 6 9 |  9.2
Evocations     | 5 9 |  9.0
Necromancy     | 12 13 | 13.5
Transmutations | 8 10 | 10.0
Conjurations   | 4 6 |  6.0
Earth Magic    | 8 9 |  9.4

Action                   |  1- 3 |  4- 6 |  7- 9 | 10-12 | 13-15 | 16-18 | 19-21 | 22-24 || total
-------------------------+-------+-------+-------+-------+-------+-------+-------+-------++-------
Melee: Dagger            |    99 |   126 |   273 |   703 |  1324 |  1054 |  1923 |   239 ||  5741
       Headbutt          |       |       |       |       |       |       |       |     9 ||     9
Throw: Throwing net      |       |       |       |       |     2 |    13 |       |       ||    15
 Cast: Confuse           |       |    16 |    43 |    87 |   201 |   221 |   464 |    62 ||  1094
       Corona            |       |     1 |       |       |       |       |       |       ||     1
       Ensorcelled Hiber |       |    12 |    30 |   140 |   217 |    54 |    20 |       ||   473
       Tukima's Dance    |       |     4 |       |     4 |    14 |     3 |       |       ||    25
       Dazzling Spray    |       |       |     3 |    32 |    32 |   403 |   109 |     3 ||   582
       Blink             |       |       |       |     1 |     1 |     6 |     1 |     1 ||    10
       Passage of Golubr |       |       |       |       |       |     1 |     3 |       ||     4
       Dispel Undead     |       |       |       |       |       |       |    33 |    16 ||    49
       Ozocubu's Armour  |       |       |       |       |       |       |     1 |     5 ||     6
       Summon Mana Viper |       |       |       |       |       |       |    13 |       ||    13
       Mephitic Cloud    |       |       |       |       |       |       |     6 |       ||     6
       Irradiate         |       |       |       |       |       |       |    33 |    41 ||    74
       Passwall          |       |       |       |       |       |       |       |    44 ||    44
       Lee's Rapid Decon |       |       |       |       |       |       |       |    38 ||    38
       Sublimation of Bl |       |       |       |       |       |       |       |     4 ||     4
       Iron Shot         |       |       |       |       |       |       |       |     4 ||     4
Invok: Shadow Step       |       |       |       |       |     1 |    12 |     3 |       ||    16
       Shadow Form       |       |       |       |       |       |     1 |       |     1 ||     2
Evoke: Wand              |       |       |       |     4 |     1 |    20 |    23 |    10 ||    58
       Box of beasts     |       |       |       |       |       |       |       |     1 ||     1
  Use: Scroll            |       |     7 |     5 |     5 |    11 |    11 |    12 |    14 ||    65
       Potion            |       |     1 |       |     8 |     1 |    12 |     8 |     9 ||    39
 Stab: Sleeping          |     6 |    11 |    39 |    92 |   192 |   112 |    54 |    14 ||   520
       Confused          |       |     4 |    28 |    66 |   108 |   114 |   300 |    40 ||   660
       Distracted        |       |       |       |     3 |     5 |     5 |     7 |     1 ||    21
       Invisible         |       |       |       |       |     6 |    33 |    23 |     5 ||    67
       Held in net/web   |       |       |       |       |     2 |     4 |       |       ||     6
       Petrified         |       |       |       |       |     2 |       |       |       ||     2
  Eat: Ration            |       |     1 |     3 |     4 |     7 |     9 |    18 |     3 ||    45
Armor: Robe              |     4 |     3 |    22 |    44 |    59 |    43 |   109 |    35 ||   319
Dodge: Dodged            |    95 |    71 |   154 |   536 |   937 |   914 |  1490 |   280 ||  4477
Block: Buckler           |       |       |     1 |   268 |   396 |   284 |   650 |   136 ||  1735

Table legend:
 A = Spawn XP
 B = Non-spawn XP
 C = Spawn XP percentage of total XP
 D = Spawn monster count
 E = Non-spawn monster count
 F = Spawn count percentage of total count
 G = Total turns spent on level
                    A         B        C        D         E        F      G
               +---------+---------+-------+---------+---------+-------+---------
         Total |    1522 |  862319 |   0.2 |       4 |    1636 |   0.2 | 72934
               +---------+---------+-------+---------+---------+-------+---------
           D:1 |       0 |      39 |   0.0 |       0 |      26 |   0.0 |   884
           D:2 |       0 |     104 |   0.0 |       0 |      24 |   0.0 |   549
           D:3 |       0 |      80 |   0.0 |       0 |      18 |   0.0 |  1463
           D:4 |       0 |    1131 |   0.0 |       0 |      23 |   0.0 |  1270
           D:5 |       0 |     368 |   0.0 |       0 |      15 |   0.0 |   847
           D:6 |       0 |     697 |   0.0 |       0 |      15 |   0.0 |   923
           D:7 |       0 |    1580 |   0.0 |       0 |      35 |   0.0 |  1381
           D:8 |       0 |    1189 |   0.0 |       0 |       7 |   0.0 |   807
           D:9 |       0 |     388 |   0.0 |       0 |       7 |   0.0 |  1074
          D:10 |       0 |    3131 |   0.0 |       0 |      26 |   0.0 |  1160
          D:11 |       0 |   12428 |   0.0 |       0 |      75 |   0.0 |  2551
          D:12 |       0 |    9228 |   0.0 |       0 |      30 |   0.0 |  1263
          D:13 |       0 |   15624 |   0.0 |       0 |      44 |   0.0 |  1534
          D:14 |       0 |    8260 |   0.0 |       0 |      31 |   0.0 |  1200
          D:15 |       0 |   22209 |   0.0 |       0 |      58 |   0.0 |  2592
        Temple |       0 |       4 |   0.0 |       0 |       2 |   0.0 |   163
        Lair:1 |       0 |    3192 |   0.0 |       0 |      14 |   0.0 |   909
        Lair:2 |       0 |    6936 |   0.0 |       0 |      31 |   0.0 |  1083
        Lair:3 |       0 |    6862 |   0.0 |       0 |      27 |   0.0 |  1035
        Lair:4 |       0 |    8211 |   0.0 |       0 |      22 |   0.0 |  1304
        Lair:5 |       0 |    2564 |   0.0 |       0 |      12 |   0.0 |   860
        Lair:6 |       0 |   15419 |   0.0 |       0 |      44 |   0.0 |  1314
      Shoals:1 |       0 |   10699 |   0.0 |       0 |      27 |   0.0 |  1081
      Shoals:2 |       0 |   22958 |   0.0 |       0 |      37 |   0.0 |  1075
      Shoals:3 |       0 |   12369 |   0.0 |       0 |      25 |   0.0 |  1776
      Shoals:4 |       0 |   30540 |   0.0 |       0 |      56 |   0.0 |  2120
       Snake:1 |       0 |   12884 |   0.0 |       0 |      25 |   0.0 |  1542
       Snake:2 |       0 |    7242 |   0.0 |       0 |      17 |   0.0 |   622
       Snake:3 |       0 |   17723 |   0.0 |       0 |      34 |   0.0 |  2739
       Snake:4 |       0 |   54852 |   0.0 |       0 |      97 |   0.0 |  2956
         Orc:1 |       0 |    5434 |   0.0 |       0 |      51 |   0.0 |   961
         Orc:2 |       0 |   12959 |   0.0 |       0 |      87 |   0.0 |  1729
         Elf:1 |       0 |   15432 |   0.0 |       0 |      23 |   0.0 |  1348
         Elf:2 |       0 |   24096 |   0.0 |       0 |      38 |   0.0 |  3238
         Elf:3 |       0 |   56374 |   0.0 |       0 |      47 |   0.0 |  2644
      Depths:1 |       0 |   32842 |   0.0 |       0 |      38 |   0.0 |  2870
      Depths:2 |       0 |   54385 |   0.0 |       0 |      79 |   0.0 |  3569
      Depths:3 |       0 |   73373 |   0.0 |       0 |     106 |   0.0 |  3820
      Depths:4 |       0 |   73197 |   0.0 |       0 |      97 |   0.0 |  3139
      Depths:5 |       0 |   49454 |   0.0 |       0 |      41 |   0.0 |  1954
         Zot:2 |       0 |   48413 |   0.0 |       0 |      27 |   0.0 |  1221
         Zot:3 |       0 |    4193 |   0.0 |       0 |       1 |   0.0 |    58
         Zot:4 |       0 |    8682 |   0.0 |       0 |       9 |   0.0 |  1146
         Zot:5 |       0 |   87468 |   0.0 |       0 |      29 |   0.0 |  2335
       Abyss:3 |    1522 |   10373 |  12.8 |       4 |      10 |  28.6 |   352
           Lab |       0 |    2828 |   0.0 |       0 |       5 |   0.0 |   202
         IceCv |       0 |    9079 |   0.0 |       0 |      36 |   0.0 |  1947
       Volcano |       0 |    4826 |   0.0 |       0 |       8 |   0.0 |   279
               +---------+---------+-------+---------+---------+-------+---------
